 Dungeon Crawl Stone Soup version 0.27-a0-1565-gad902ab807 (webtiles) character file.

Game seed: 13815272180197143855

14 Gwenloh the Cudgeller (level 2, 29/29 HPs)
             Began as a Troll Fighter on July 16, 2021.
             Got out of the dungeon alive.
             The game lasted 00:01:19 (297 turns).

Gwenloh the Cudgeller (Troll Fighter)                Turns: 297, Time: 00:01:20

Health: 29/29      AC:  4    Str: 23    XL:     2   Next: 27%
Magic:  1/1        EV:  7    Int:  4    God:
Gold:   26         SH:  8    Dex:  9    Spells: 1/1 levels left

rFire    . . .     SeeInvis .   e - +3 whip
rCold    . . .     Faith    .   c - +0 kite shield
rNeg     . . .     Spirit   .   b - +0 robe
rPois    .         Reflect  .   (helmet restricted)
rElec    .         Harm     .   (no cloak)
rCorr    .         Rampage  .   (gloves unavailable)
Will     .....                  (boots unavailable)
Stlth    +.........             (no amulet)
HPRegen  1.09/turn              (no ring)
MPRegen  0.07/turn              (no ring)

@: no status effects
A: large, unfitting armour, claws 3, regeneration 1, shaggy fur 1, tough skin 1
a: no special abilities


You escaped.
You visited 1 branch of the dungeon, and saw 1 of its levels.

You collected 26 gold pieces.

Inventory:

Hand Weapons
 a - a +0 flail
 e - a +3 whip (weapon)
Missiles
 f - 38 stones (quivered)
Armour
 b - a +0 robe (worn)
 c - a +0 kite shield (worn)
Potions
 d - a potion of might


   Skills:
 - Level 2.4 Fighting
 + Level 2.7 Maces & Flails
 - Level 2.4 Dodging
 - Level 2.4 Shields


You had one spell level left.
You didn't know any spells.
Your spell library was empty.

Dungeon Overview and Level Annotations

Branches:
Dungeon (1/15)

Altars:


Innate Abilities, Weirdness & Mutations

You are too large for most types of armour.
You have claws for hands.
Your natural rate of healing is unusually fast.
You are covered in fur. (AC +1)
You have tough skin. (AC +1)


Message History

e - a +3 whip (weapon)
Found a ring mail.
A kobold comes into view. It is wielding a +0 short sword.
A rat comes into view.
You closely miss the rat. You block the rat's attack.
You hit the rat.
You kill the rat!
You see here a rat corpse.
Found 29 stones.
The kobold shouts!
You hit the kobold.
The kobold is moderately wounded.
The kobold hits you but does no damage.
You hit the kobold.
You kill the kobold!
Found 30 arrows.
You see here a +0 short sword.
A hobgoblin comes into view.
You see here 29 stones.
A hobgoblin is nearby!
f - 38 stones (gained 29)
The hobgoblin shouts!
The hobgoblin hits you.
You hit the hobgoblin but do no damage. The hobgoblin hits you.
You barely miss the hobgoblin. The hobgoblin hits you.
You hit the hobgoblin.
The hobgoblin is heavily wounded.
The hobgoblin closely misses you.
You barely miss the hobgoblin.
The hobgoblin is heavily wounded.
The hobgoblin closely misses you. The hobgoblin barely misses you.
You hit the hobgoblin.
The hobgoblin is almost dead.
You block the hobgoblin's attack.
You hit the hobgoblin.
You kill the hobgoblin!
There is a staircase leading out of the dungeon here.
You can't go down here!
Are you sure you want to leave the Dungeon?
This will make you lose the game!
You have escaped!

#.## #.####..######.#######..#
#..# ....................# #..#
##.## .........##.........# #..#
#..###.........##.........###..#
##......##............##....)..#
#†.....##............##.......#
#....................(........#
#
#.............................#
#
#...##........@.........##....#
#
#...##.........>........##....#
#
#....................†.........
#
#........................(...##
# #......##............##......#
###......##............##......#
................##.............#
...###.......... #..........####
...# ..... ...... ....


There were no monsters in sight!

Vanquished Creatures
  2 dart slugs (D:1)
  A ball python (D:1)
  An endoplasm (D:1)
  A hobgoblin (D:1)
  2 kobolds (D:1)
  A frilled lizard (D:1)
  A goblin (D:1)
  A rat (D:1)
10 creatures vanquished.

Notes
Turn   | Place    | Note
-------+----------+-------------------------------------------
     0 | D:1      | Gwenloh the Troll Fighter began the quest for the Orb.
     0 | D:1      | Reached XP level 1. HP: 22/22 MP: 0/0
   163 | D:1      | Reached XP level 2. HP: 27/29 MP: 1/1
   297 | D:$      | Got out of the dungeon alive.

Illustrated notes

Levels and vault maps discovered:
D:1:      dpeg_arrival_stonehenge_8_columns, layout_basic,
          hellmonk_ecumenical_altar_defaced_shrine

Skill      XL: |  1 |
---------------+----+-----
Maces & Flails | 2 |  2.7
Fighting       | |  2.4
Dodging        | |  2.4
Shields        | |  2.4

Action                   || total
-------------------------++-------
Melee: Flail             ||    12
       Whip              ||    10
Armor: Robe              ||     2
Dodge: Dodged            ||     5
Block: Kite shield       ||     7

Table legend: (Time is in decaauts)
 A = Elapsed time spent in this place.
 B = Non-inter-level travel time spent in this place.
 C = Inter-level travel time spent in this place.
 D = Time resting spent in this place.
 E = Time spent auto-exploring this place.
 F = Levels seen in this place.
 G = Mean time per level.
                   A        B        C        D        E       F      G
               +--------+--------+--------+--------+--------+-----+--------+
         Total |    304 |    304 |      0 |     13 |    200 |   1 |  304.0 |
       Dungeon |    304 |    304 |      0 |     13 |    200 |   1 |  304.0 |
               +--------+--------+--------+--------+--------+-----+--------+

Top non-repeatable levels by time:
     D:1: 304 daAuts
